Map: Lost and Found LE

Players

NeXa

  • Race: Protoss Protoss
  • Spawn Location: 7:00

Buster - Winner!

  • Race: Terran Terran
  • Spawn Location: 1:00

Event: WCS Montreal 2018

VOD

Have the link to the VOD?

Description

Time

  • Played on: Sept. 7, 2018, 12:59 p.m.
  • Length: 12:42

All games in this series

Show
View Real Time Build Order
Export as new Build Order

NeXa Protoss 

Build Orders:  

Get SALT Encoding   

  12  0:00  Probe  
  13  0:13  Probe  
  14  0:17  Pylon  
  14  0:25  Probe  
  15  0:34  Probe  
  15  0:38  Gateway  
  16  0:42  Probe  
  16  0:49  Assimilator  
  17  0:51  Probe  
  18  1:00  Pylon  
  18  1:05  Probe  
  19  1:13  Assimilator  
  19  1:17  Probe  
  20  1:30  Gateway  
  20  1:31  Cybernetics Core  
  20  1:37  Probe  
  21  1:51  Probe, Assimilator  
  22  1:59  Stalker  
  24  2:17  Gateway  
  24  2:18  Pylon  
  24  2:19  Warp Gate  
  24  2:23  Probe  
  24  2:25  Pylon  
  25  2:36  Stargate  
  25  2:39  Adept  
  27  2:50  Gateway  
  27  2:54  Pylon  
  27  2:58  Adept  
  27  3:07  Adept  
  31  3:14  Pylon  
  29  3:28  Robotics Facility  
  29  3:48  Shield Battery  
  29  3:50  Shield Battery  
  29  3:54  Pylon  
  29  4:04  Immortal  
  29  4:12  Stargate  
  33  4:22  Stalker x2  
  37  4:36  Observer  
  37  4:45  Pylon  
  38  4:56  Warp Prism, Void Ray  
  44  5:14  Gateway  
  40  5:41  Void Ray  
  44  5:46  Stalker x2  
  48  6:17  Stalker  
  48  6:18  Stalker x2  
  54  6:22  Pylon  
  54  6:49  Stalker x2  
  54  6:50  Stalker  
  54  6:52  Void Ray  
  52  7:03  Pylon  
  56  7:23  Adept x3  
  42  7:45  Stalker x3  
  48  8:12  Stalker x2  
  52  8:14  Stalker  
  44  8:44  Stalker x2  
  44  8:45  Stalker  
  50  9:00  Warp Prism  
  50  9:38  Nexus  
  50  9:57  Robotics Bay  
  50  10:36  Probe  
  50  10:41  Disruptor  
  51  10:48  Probe  
  52  10:54  Probe  
  52  11:00  Probe  
  52  11:03  Twilight Council  
  53  11:08  Disruptor  
  53  11:11  Stalker x3  
  53  11:15  Probe  
  63  11:29  Probe x2  
  63  11:30  Assimilator  
  65  11:39  Disruptor  
  62  11:55  Stalker x3  
  62  11:59  Probe x2  
  70  12:11  Probe x2  
  72  12:15  Pylon  
  72  12:21  Stalker  
  72  12:22  Stalker  
  76  12:23  Probe  
Show
View Real Time Build Order
Export as new Build Order

Buster Terran - Winner!

Build Orders: Cyclone Opening, Cyclone Timing 

Get SALT Encoding   

  12  0:01  SCV  
  13  0:13  SCV  
  14  0:17  Supply Depot  
  14  0:25  SCV  
  15  0:38  SCV  
  15  0:40  Barracks  
  16  0:46  Refinery  
  16  0:50  SCV  
  17  1:02  SCV  
  18  1:15  SCV  
  19  1:27  Marine  
  19  1:28  Orbital Command  
  20  1:45  Marine  
  21  1:49  Factory  
  21  1:53  SCV, Supply Depot  
  22  1:55  Refinery  
  22  2:03  Marine  
  22  2:07  Bunker  
  23  2:14  SCV  
  24  2:16  Supply Depot  
  24  2:21  Marine  
  25  2:26  SCV  
  26  2:35  Cyclone  
  29  2:39  SCV, Marine  
  31  2:53  SCV  
  31  2:54  Starport  
  31  2:57  Marine  
  33  3:07  Cyclone, SCV  
  37  3:14  Supply Depot  
  37  3:19  SCV  
  36  3:31  SCV  
  37  3:37  Barracks Reactor  
  37  3:41  Engineering Bay  
  37  3:45  Cyclone  
  40  3:54  Medivac  
  41  3:58  Supply Depot  
  41  4:13  Marine x2  
  46  4:17  Cyclone  
  46  4:25  Medivac  
  46  4:30  Marine  
  46  4:31  Marine  
  50  4:33  SCV  
  50  4:37  Command Center  
  51  4:44  Supply Depot  
  51  4:48  SCV, Marine x2  
  51  4:49  Factory Tech Lab  
  51  4:51  Liberator  
  54  4:57  Engineering Bay  
  54  5:00  SCV  
  58  5:15  SCV  
  58  5:16  Supply Depot  
  58  5:27  SCV  
  59  5:31  Marine x2  
  59  5:32  Siege Tank  
  62  5:39  SCV  
  57  5:49  Marine  
  58  5:51  Viking  
  58  5:56  Orbital Command  
  60  6:02  SCV  
  61  6:06  Marine x2  
  63  6:15  SCV  
  63  6:16  Siege Tank  
  67  6:21  SCV  
  68  6:27  SCV  
  68  6:30  Missile Turret  
  66  6:33  SCV, Viking  
  66  6:34  Marine  
  66  6:39  SCV  
  69  6:45  SCV  
  62  6:48  Siege Tank  
  62  6:51  Marine  
  62  6:52  Marine  
  65  6:58  SCV  
  63  7:03  Terran Infantry Weapons Level 1  
  63  7:11  Viking  
  63  7:12  Marine x2  
  67  7:17  SCV  
  68  7:23  Barracks  
  68  7:30  Barracks, Marine x2  
  68  7:31  Supply Depot  
  67  7:42  SCV  
  61  7:44  SCV  
  61  7:47  Bunker, Marine  
  61  7:50  Viking  
  65  7:54  SCV  
  66  7:59  Marine  
  66  8:03  SCV  
  66  8:05  Marine  
  68  8:08  Siege Tank  
  68  8:10  Barracks Tech Lab  
  69  8:13  SCV  
  69  8:18  SCV  
  65  8:25  SCV  
  62  8:29  Marine  
  62  8:30  Bunker, SCV, Stimpack, Marine x2  
  66  8:38  Marine  
  66  8:41  Siege Tank  
  70  8:47  Marine  
  71  8:49  Refinery, Marine x2  
  71  8:50  Refinery  
  70  9:00  Bunker  
  70  9:03  Marine  
  70  9:09  Viking  
  73  9:10  Marine x2  
  73  9:12  Marine  
  73  9:13  Siege Tank  
  79  9:19  SCV  
  79  9:21  Marine, Supply Depot  
  79  9:22  Bunker  
  81  9:27  Marine  
  81  9:29  Marine  
  81  9:30  Marine  
  84  9:32  Command Center  
  84  9:39  Marine  
  84  9:43  Supply Depot  
  87  9:46  Bunker  
  87  9:47  Bunker  
  87  9:53  SCV  
  87  9:54  Sensor Tower  
  87  9:55  SCV  
  87  9:58  Marine x2  
  87  9:59  Marine  
  92  10:06  Starport Reactor  
  90  10:11  Marine  
  91  10:16  Marine  
  91  10:18  SCV  
  91  10:20  Marine, Siege Tank  
  97  10:30  Marine x2  
  97  10:34  SCV, Barracks x2  
  100  10:41  Marine  
  100  10:42  SCV, Marine  
  100  10:50  SCV, Marine  
  100  10:53  Medivac x2  
  100  10:54  Siege Tank  
  109  11:01  Marauder, Combat Shields  
  109  11:03  SCV  
  112  11:10  Missile Turret  
  112  11:15  Marine  
  113  11:18  Orbital Command  
  113  11:22  Barracks Reactor  
  113  11:23  Barracks Tech Lab  
  113  11:24  Marauder  
  115  11:28  SCV x2  
  115  11:32  Factory Reactor  
  116  11:35  Medivac x2  
  120  11:42  Marauder, Marine x2  
  124  11:47  Marauder, Supply Depot x2  
  117  11:54  SCV  
  117  11:55  SCV  
  117  11:58  Marauder  
  117  12:00  SCV, Refinery  
  121  12:02  Refinery  
  121  12:06  SCV  
  121  12:09  Marauder  
  121  12:10  Marine  
  121  12:11  Marauder, Marine x3  
  129  12:15  SCV  
  129  12:16  Supply Depot  
  129  12:17  SCV  
Tags
 
Add a new tag
Caveats
  • Supply blocks, unpowered buildings, or Contaminate may cause inaccurate times.
  • Supply counts are checked every 10 seconds.